TOP OF THE 1ST |
Eugene Emeralds batting - Pitching for Williamsport Crosscutters : LHP Josh Schmidt
|
Pitching: LHP Josh Schmidt
|
|
Batting: RHB Hugo Torrez
|
0-0: Foul Ball, location: 2F 0-1: Ball 1-1: Ball 2-1: Foul Ball, location: 2F 2-2: Ball 3-2: Strikes out swinging
|
Batting: RHB Dustin Goldsborough
|
0-0: Ground out 4-3 (Groundball, 4, EV 100.0 MPH)
|
Batting: RHB Jorge Lagunas
|
0-0: Called Strike 0-1: Ground out 6-3 (Groundball, 6M, EV 90.6 MPH)
|
Top of the 1st over - 0 runs, 0 hits, 0 errors, 0 left on base; Eugene 0 - Williamsport 0 |
BOTTOM OF THE 1ST |
Williamsport Crosscutters batting - Pitching for Eugene Emeralds : LHP Jerry Tyson
|
Pitching: LHP Jerry Tyson
|
|
Batting: RHB Eddie Serna
|
0-0: Foul Ball, location: 2F 0-1: Ball 1-1: Ball 2-1: DOUBLE (Line Drive, 9LM, EV 102.5 MPH)
|
Batting: LHB Bryant Dill
|
0-0: Reached on error, E4 (Groundball, 4, EV 85.0 MPH) Eddie Serna to third
|
Batting: LHB Rich Kuehne
|
0-0: Called Strike 0-1: Foul Ball, location: 2F 0-2: Ball 1-2: Ball 2-2: Fly out, F9 (Line Drive, 9LM, EV 95.0 MPH)
|
Batting: LHB Jean-Claude Vanbiesbrouck
|
0-0: Foul Ball, location: 2F 0-1: Ball 1-1: Called Strike Bryant Dill steals 2nd, throwing error, E2 Eddie Serna scores Bryant Dill to third 1-2: Ball 2-2: Ball 3-2: Base on Balls
|
Batting: LHB Jason Duda
|
0-0: Ball 1-0: Called Strike 1-1: Ball Passed Ball! Bryant Dill scores Jean-Claude Vanbiesbrouck to second 2-1: Foul Ball, location: 2F 2-2: Strikes out swinging
|
Batting: LHB Ryan Young
|
0-0: Ball 1-0: Swinging Strike 1-1: Called Strike 1-2: Ball 2-2: Ball 3-2: Ground out 4-3 (Groundball, 4M, EV 80.0 MPH)
|
Bottom of the 1st over - 2 runs, 1 hit, 2 errors, 1 left on base; Eugene 0 - Williamsport 2 |
TOP OF THE 2ND |
Eugene Emeralds batting - Pitching for Williamsport Crosscutters : LHP Josh Schmidt
|
Batting: RHB Bartolo Aguilar
|
0-0: Foul Ball, location: 2F 0-1: Ball 1-1: Swinging Strike 1-2: Ball 2-2: Foul Ball, location: 2F 2-2: Ball 3-2: Strikes out swinging
|
Batting: RHB Mike Larson
|
0-0: Foul Ball, location: 2F 0-1: Ball 1-1: Called Strike 1-2: Ball 2-2: Strikes out looking
|
Batting: RHB T.J. Garrison
|
0-0: Foul Ball, location: 2F 0-1: Swinging Strike 0-2: Ball 1-2: Ball 2-2: Strikes out looking
|
Top of the 2nd over - 0 runs, 0 hits, 0 errors, 0 left on base; Eugene 0 - Williamsport 2 |
BOTTOM OF THE 2ND |
Williamsport Crosscutters batting - Pitching for Eugene Emeralds : LHP Jerry Tyson
|
Batting: RHB Teh-huai Jiang
|
0-0: Ball 1-0: Foul Ball, location: 2F 1-1: SINGLE (Groundball, 6MD, EV 96.9 MPH)
|
Batting: RHB Allen Deschamps
|
0-0: Ball 1-0: Fly out, F9 (Flyball, 9, EV 83.1 MPH)
|
Batting: RHB Rafael Soto
|
0-0: SINGLE (Groundball, 56D, EV 100.6 MPH) Teh-huai Jiang to second
|
Batting: RHB Eddie Serna
|
0-0: Called Strike 0-1: Fielders Choice at 2nd, 5-4 (Groundball, 56, EV 77.5 MPH) Teh-huai Jiang to third
|
Batting: LHB Bryant Dill
|
0-0: Ball 1-0: Ball 2-0: SINGLE (Line Drive, 78S, EV 93.1 MPH) Teh-huai Jiang scores Eddie Serna to second
|
Batting: LHB Rich Kuehne
|
0-0: Foul Ball, location: 2F 0-1: SINGLE (Line Drive, 7LM, EV 103.1 MPH) Eddie Serna to third Bryant Dill to second Runner from 3rd tries for Home, SAFE, throw by LF to home
|
Batting: LHB Jean-Claude Vanbiesbrouck
|
0-0: Swinging Strike 0-1: Ball 1-1: Called Strike 1-2: Fly out, F7 (Flyball, 7, EV 76.9 MPH)
|
Bottom of the 2nd over - 2 runs, 4 hits, 0 errors, 2 left on base; Eugene 0 - Williamsport 4 |
TOP OF THE 3RD |
Eugene Emeralds batting - Pitching for Williamsport Crosscutters : LHP Josh Schmidt
|
Batting: RHB Juan Lira
|
0-0: Called Strike 0-1: Hit by Pitch
|
Batting: RHB Rodolfo Perez
|
0-0: Called Strike 0-1: Bunted foul 0-2: Bunted foul, Strikeout!
|
Batting: RHB Gustavo Rodriguez
|
0-0: Called Strike 0-1: Foul Ball, location: 2F 0-2: Strikes out looking
|
Batting: RHB Hugo Torrez
|
0-0: Called Strike 0-1: Ball 1-1: Swinging Strike 1-2: Foul Ball, location: 2F 1-2: Strikes out looking
|
Top of the 3rd over - 0 runs, 0 hits, 0 errors, 1 left on base; Eugene 0 - Williamsport 4 |
BOTTOM OF THE 3RD |
Williamsport Crosscutters batting - Pitching for Eugene Emeralds : LHP Jerry Tyson
|
Batting: LHB Jason Duda
|
0-0: Called Strike 0-1: Ball 1-1: Called Strike 1-2: Strikes out swinging
|
Batting: LHB Ryan Young
|
0-0: Called Strike 0-1: Called Strike 0-2: Ball 1-2: Ground out 4-3 (Groundball, 4D, EV 106.2 MPH)
|
Pitching: RHP Brendan Malzone
|
|
Batting: RHB Teh-huai Jiang
|
0-0: Ball 1-0: Ball 2-0: Called Strike 2-1: Called Strike 2-2: Strikes out swinging
|
Bottom of the 3rd over - 0 runs, 0 hits, 0 errors, 0 left on base; Eugene 0 - Williamsport 4 |
TOP OF THE 4TH |
Eugene Emeralds batting - Pitching for Williamsport Crosscutters : LHP Josh Schmidt
|
Batting: RHB Dustin Goldsborough
|
0-0: Foul Ball, location: 2F 0-1: Fly out, F7 (Flyball, 7, EV 92.5 MPH)
|
Batting: RHB Jorge Lagunas
|
0-0: Foul Ball, location: 2F 0-1: Foul Ball, location: 2F 0-2: Ball 1-2: Strikes out looking
|
Batting: RHB Bartolo Aguilar
|
0-0: Foul Ball, location: 2F 0-1: Fly out, F7 (Flyball, 7S, EV 96.2 MPH)
|
Top of the 4th over - 0 runs, 0 hits, 0 errors, 0 left on base; Eugene 0 - Williamsport 4 |
BOTTOM OF THE 4TH |
Williamsport Crosscutters batting - Pitching for Eugene Emeralds : RHP Brendan Malzone
|
Batting: RHB Allen Deschamps
|
0-0: Ball 1-0: Ball 2-0: SINGLE (Flyball, 3D, EV 86.9 MPH)
|
Batting: RHB Rafael Soto
|
0-0: Ball 1-0: Foul Ball, location: 2F 1-1: Fielders Choice at 2nd, 6-4 (Groundball, 6S, EV 89.4 MPH)
|
Batting: RHB Eddie Serna
|
0-0: Ball 1-0: Called Strike 1-1: Fly out, F8 (Flyball, 8LD, EV 83.1 MPH)
|
Batting: LHB Bryant Dill
|
0-0: Ball 1-0: Ball 2-0: Ball 3-0: Called Strike 3-1: Foul Ball, location: 2F 3-2: Foul Ball, location: 2F 3-2: Fly out, F8 (Flyball, 8RM, EV 83.1 MPH)
|
Bottom of the 4th over - 0 runs, 1 hit, 0 errors, 1 left on base; Eugene 0 - Williamsport 4 |
TOP OF THE 5TH |
Eugene Emeralds batting - Pitching for Williamsport Crosscutters : LHP Josh Schmidt
|
Batting: RHB Mike Larson
|
0-0: Called Strike 0-1: Ball 1-1: Foul Ball, location: 2F 1-2: Ball 2-2: Strikes out swinging
|
Batting: RHB T.J. Garrison
|
0-0: Called Strike 0-1: Foul Ball, location: 2F 0-2: Ball 1-2: Strikes out swinging
|
Batting: RHB Juan Lira
|
0-0: Ball 1-0: Foul Ball, location: 2F 1-1: Fly out, F8 (Flyball, 8RXD, EV 87.5 MPH)
|
Top of the 5th over - 0 runs, 0 hits, 0 errors, 0 left on base; Eugene 0 - Williamsport 4 |
BOTTOM OF THE 5TH |
Williamsport Crosscutters batting - Pitching for Eugene Emeralds : RHP Brendan Malzone
|
Pitching: RHP Jose Mata
|
|
Batting: LHB Rich Kuehne
|
0-0: Ball 1-0: Ball 2-0: Ball 3-0: Called Strike 3-1: Base on Balls
|
Batting: LHB Jean-Claude Vanbiesbrouck
|
0-0: Foul Ball, location: 2F 0-1: Ball 1-1: Ball 2-1: Swinging Strike 2-2: Hit by Pitch Rich Kuehne to second
|
Batting: LHB Jason Duda
|
0-0: Foul Ball, location: 2F 0-1: Foul Ball, location: 2F 0-2: Foul Ball, location: 2F 0-2: Ball 1-2: Foul Ball, location: 2F 1-2: Strikes out swinging
|
Batting: LHB Ryan Young
|
0-0: Reached on error, E4 (Groundball, 4, EV 97.5 MPH) Rich Kuehne to third Jean-Claude Vanbiesbrouck to second
|
Batting: RHB Teh-huai Jiang
|
0-0: Ball Wild Pitch! Rich Kuehne scores Jean-Claude Vanbiesbrouck to third Ryan Young to second 1-0: Called Strike 1-1: Ball 2-1: Foul Ball, location: 3F, Error on foul ball, E3 2-2: SINGLE (Line Drive, 5D, EV 98.8 MPH) Jean-Claude Vanbiesbrouck scores Ryan Young to third Runner from 3rd tries for Home, SAFE, throw by LF to home
|
Pitching: RHP Victor de Leon
|
|
Batting: RHB Allen Deschamps
|
0-0: Ball 1-0: Ball 2-0: Called Strike 2-1: Foul Ball, location: 2F 2-2: Strikes out swinging
|
Batting: RHB Rafael Soto
|
0-0: Swinging Strike 0-1: Ball 1-1: Ball 2-1: Foul Ball, location: 2F 2-2: Ball 3-2: Base on Balls Teh-huai Jiang to second
|
Batting: RHB Eddie Serna
|
0-0: Called Strike 0-1: Ball 1-1: Ball 2-1: Foul Ball, location: 2F 2-2: Foul Ball, location: 2F 2-2: Strikes out swinging
|
Bottom of the 5th over - 3 runs, 1 hit, 2 errors, 2 left on base; Eugene 0 - Williamsport 7 |
TOP OF THE 6TH |
Eugene Emeralds batting - Pitching for Williamsport Crosscutters : LHP Josh Schmidt
|
Batting: RHB Rodolfo Perez
|
0-0: Swinging Strike 0-1: Foul Ball, location: 2F 0-2: Strikes out swinging
|
Batting: RHB Gustavo Rodriguez
|
0-0: Ball 1-0: Swinging Strike 1-1: Called Strike 1-2: Strikes out swinging
|
Batting: RHB Hugo Torrez
|
0-0: Foul Ball, location: 2F 0-1: Ball 1-1: Called Strike 1-2: Ball 2-2: Strikes out swinging
|
Top of the 6th over - 0 runs, 0 hits, 0 errors, 0 left on base; Eugene 0 - Williamsport 7 |
BOTTOM OF THE 6TH |
Williamsport Crosscutters batting - Pitching for Eugene Emeralds : RHP Victor de Leon
|
Batting: LHB Bryant Dill
|
0-0: Ball 1-0: Called Strike 1-1: Foul Ball, location: 2F 1-2: SINGLE (Flyball, 34D, EV 96.2 MPH)
|
Pitching: LHP Alex Gandarilla
|
|
Batting: LHB Rich Kuehne
|
0-0: Swinging Strike 0-1: Ball 1-1: Foul Ball, location: 2F 1-2: Strikes out looking
|
Batting: LHB Jean-Claude Vanbiesbrouck
|
0-0: Ball Bryant Dill is caught stealing 2nd base 2-6 1-0: Foul Ball, location: 2F 1-1: Ball 2-1: Swinging Strike 2-2: Ball 3-2: Base on Balls
|
Batting: LHB Jason Duda
|
0-0: Ball 1-0: SINGLE (Groundball, 4MD, EV 109.4 MPH) Jean-Claude Vanbiesbrouck to second Runner from 2nd tries for 3rd, SAFE, throw by CF made to third
|
Batting: LHB Ryan Young
|
0-0: Called Strike 0-1: Foul Ball, location: 2F 0-2: Ball 1-2: Ball 2-2: Strikes out swinging
|
Bottom of the 6th over - 0 runs, 2 hits, 0 errors, 2 left on base; Eugene 0 - Williamsport 7 |
TOP OF THE 7TH |
Eugene Emeralds batting - Pitching for Williamsport Crosscutters : LHP Josh Schmidt
|
Batting: RHB Dustin Goldsborough
|
0-0: Called Strike 0-1: Swinging Strike 0-2: Strikes out swinging
|
Batting: RHB Jorge Lagunas
|
0-0: Called Strike 0-1: Ground out 5-3 (Groundball, 56S, EV 88.1 MPH)
|
Batting: RHB Bartolo Aguilar
|
0-0: Called Strike 0-1: Ball 1-1: SINGLE (Flyball, 9LS, EV 91.9 MPH)
|
Batting: RHB Mike Larson
|
0-0: Ball 1-0: Called Strike 1-1: Ball 2-1: Foul Ball, location: 2F 2-2: Foul Ball, location: 2F 2-2: Strikes out swinging
|
Top of the 7th over - 0 runs, 1 hit, 0 errors, 1 left on base; Eugene 0 - Williamsport 7 |
BOTTOM OF THE 7TH |
Williamsport Crosscutters batting - Pitching for Eugene Emeralds : LHP Alex Gandarilla
|
Batting: RHB Teh-huai Jiang
|
0-0: Ball 1-0: SOLO HOME RUN (Flyball, 7LD, EV 92.5 MPH), Distance : 367 ft
|
Batting: RHB Allen Deschamps
|
0-0: Ball 1-0: Ball 2-0: Called Strike 2-1: Fly out, F6 (Popup, 6S, EV 83.8 MPH)
|
Batting: RHB Rafael Soto
|
0-0: Foul Ball, location: 2F 0-1: Ball 1-1: Ball 2-1: Called Strike 2-2: Ball 3-2: Strikes out looking
|
Batting: RHB Eddie Serna
|
0-0: Called Strike 0-1: Called Strike 0-2: Strikes out swinging
|
Bottom of the 7th over - 1 run, 1 hit, 0 errors, 0 left on base; Eugene 0 - Williamsport 8 |
TOP OF THE 8TH |
Eugene Emeralds batting - Pitching for Williamsport Crosscutters : LHP Josh Schmidt
|
Pitching: RHP George Crousse
|
|
Batting: RHB T.J. Garrison
|
0-0: Foul Ball, location: 2F 0-1: Called Strike 0-2: Ball 1-2: Ball 2-2: Strikes out swinging
|
Batting: RHB Juan Lira
|
0-0: Called Strike 0-1: Foul Ball, location: 2F 0-2: Strikes out swinging
|
Batting: RHB Rodolfo Perez
|
0-0: Fly out, F7 (Line Drive, 7S, EV 86.9 MPH)
|
Top of the 8th over - 0 runs, 0 hits, 0 errors, 0 left on base; Eugene 0 - Williamsport 8 |
BOTTOM OF THE 8TH |
Williamsport Crosscutters batting - Pitching for Eugene Emeralds : LHP Alex Gandarilla
|
Batting: LHB Bryant Dill
|
0-0: Called Strike 0-1: Foul Ball, location: 2F 0-2: Hit by Pitch
|
Batting: LHB Rich Kuehne
|
0-0: Ball 1-0: Ball 2-0: Grounds into double play, 6-4-3 (Groundball, 6, EV 99.4 MPH)
|
Batting: LHB Jean-Claude Vanbiesbrouck
|
0-0: Ball 1-0: Foul Ball, location: 2F 1-1: Ball 2-1: Ball 3-1: SINGLE (Groundball, 6MD, EV 105.0 MPH)
|
Batting: LHB Jason Duda
|
0-0: Ball 1-0: Ball 2-0: Ball 3-0: Base on Balls Jean-Claude Vanbiesbrouck to second
|
Batting: LHB Ryan Young
|
0-0: Ball 1-0: Foul Ball, location: 2F 1-1: Ball 2-1: Called Strike 2-2: SINGLE (Line Drive, 4M, EV 108.1 MPH) Jean-Claude Vanbiesbrouck to third Jason Duda to second Throwing error, E8 Jean-Claude Vanbiesbrouck scores Jason Duda to third Ryan Young to second
|
Batting: RHB Teh-huai Jiang
|
0-0: Ball 1-0: SINGLE (Groundball, 4MD, EV 101.2 MPH) Jason Duda scores Ryan Young to third Runner from 3rd tries for Home, throw by CF and OUT! 8-2
|
Bottom of the 8th over - 2 runs, 3 hits, 1 error, 1 left on base; Eugene 0 - Williamsport 10 |
TOP OF THE 9TH |
Eugene Emeralds batting - Pitching for Williamsport Crosscutters : RHP George Crousse
|
Batting: RHB Gustavo Rodriguez
|
0-0: Ball 1-0: SINGLE (Flyball, 8LS, EV 89.4 MPH) - OUT at second base trying to stretch hit.
|
Batting: RHB Hugo Torrez
|
0-0: Fly out, F5 (Line Drive, 5L, EV 66.2 MPH)
|
Batting: RHB Dustin Goldsborough
|
0-0: Ball 1-0: Ball 2-0: Foul Ball, location: 2F 2-1: DOUBLE (Groundball, 5L, EV 108.8 MPH)
|
Batting: RHB Jorge Lagunas
|
0-0: Ball Wild Pitch! Dustin Goldsborough to third 1-0: Foul Ball, location: 2F 1-1: Swinging Strike 1-2: Fly out, F8 (Line Drive, 8LD, EV 103.1 MPH)
|
Top of the 9th over - 0 runs, 2 hits, 0 errors, 1 left on base; Eugene 0 - Williamsport 10 |
|